 Dungeon Crawl Stone Soup version 0.32-a0-40-g2adb59ae06 (webtiles) character file.

Game seed: 14496445448996900004

17678 Newt the Skirmisher (level 12, 0/68 HPs)
             Began as a Kobold Hunter on Jan 24, 2024.
             Was an Elder of Hepliaklqana.
             Slain by a balrug
             ... wielding a +2 demon whip of venom
              (7 damage)
             ... in a Gauntlet.
             The game lasted 00:19:09 (12113 turns).

Newt the Skirmisher (Kobold Hunter)                Turns: 12113, Time: 00:19:10

Health: 0/68       AC:  4    Str: 14    XL:     12   Next: 85%
Magic:  21/21      EV: 23    Int:  9    God:    Hepliaklqana [****..]
Gold:   1128       SH:  0    Dex: 21    Spells: 19/23 levels left

rFire   + + .        a - +2 shortbow (heavy)
rCold   + + .        (shield currently unavailable)
rNeg    . . .        q - +2 robe {rC+ rF+}
rPois   +            (helmet currently unavailable)
rElec   +            (cloak currently unavailable)
rCorr   +            (gloves currently unavailable)
SInv    .            (boots currently unavailable)
Will    .....        G - amulet "Retz" {Faith Slay+3}
Stlth   +++          O - +5 ring of evasion
HPRegen 0.31/turn    h - +4 ring of slaying
MPRegen 0.17/turn

%: no teleportation, faith
@: beast-form, resistant, hasted, very quick
A: beast (slay +4), reduced essence, small, no large weapons, nightstalker 3,
fangs 1, strong 1, wild magic 1
a: Begin Untransformation, Renounce Religion, Recall Ancestor, Ancestor
Identity, Transference, Idealise


You were in a Gauntlet.
You worshipped Hepliaklqana.
Hepliaklqana was greatly pleased with you.
You were a hulking beast.
You visited 2 branches of the dungeon, and saw 14 of its levels.
You also visited: Gauntlet.

You collected 1128 gold pieces.

Inventory:

Hand Weapons
 a - a +2 heavy shortbow (weapon)
Missiles
 n - a throwing net
Armour
 c - a +0 leather armour
 q - a +2 robe of resistance (worn)
 I - a +1 pair of boots of stealth
Jewellery
 d - a ring of protection from fire
 f - a ring of positive energy
 h - a +4 ring of slaying (right hand)
 o - a ring of see invisible
 u - an amulet of regeneration
 D - a ring of protection from fire
 E - an amulet of the acrobat
 G - the amulet "Retz" (around neck) {Faith Slay+3}
   (You acquired it on level 10 of the Dungeon)

   [amulet of faith]

   Faith:     It allows you to gain divine favour quickly.
   Slay+3:    It affects your accuracy & damage with ranged weapons and melee
   (+3).
 H - a +6 ring of strength
 N - a ring of positive energy
 O - a +5 ring of evasion (left hand)
 P - a ring of protection from cold
Talismans
 i - a beast talisman (active)
Wands
 t - a wand of charming (10)
 v - a wand of digging (11)
 y - a wand of polymorph (21)
 L - a wand of flame (7)
Scrolls
 b - a scroll of butterflies
 m - 7 scrolls of teleportation
 r - a scroll of summoning
 x - a scroll of fog
 z - 2 scrolls of enchant armour
 B - 2 scrolls of fear
 C - 2 scrolls of immolation
 F - a scroll of amnesia
 K - 2 scrolls of vulnerability
Potions
 e - 2 potions of curing
 g - 2 potions of mutation
 j - 2 potions of lignification
 k - 3 potions of attraction
 l - 3 potions of enlightenment
 p - 2 potions of resistance
 s - a potion of berserk rage
 w - 2 potions of haste
 A - 3 potions of brilliance
Miscellaneous
 M - a phantom mirror (inert)


   Skills:
 - Level 9.0 Fighting
 - Level 14.0 Ranged Weapons
 - Level 5.0 Dodging
 - Level 2.3 Stealth
 - Level 6.0 Spellcasting
 + Level 7.6 Hexes
 + Level 7.6 Translocations
 - Level 5.1 Evocations
 - Level 7.0 Shapeshifting


You had 19 spell levels left.
You knew the following spells:

 Your Spells              Type           Power      Damage    Failure   Level
a - Dimensional Bullseye  Hex/Tloc       10%        N/A       14%         4

Your spell library contained the following spells:

 Spells                   Type           Power      Damage    Failure   Level
 Teleport Other           Tloc           21%        N/A       4%          3
 Tukima's Dance           Hex            21%        N/A       5%          3
 Passage of Golubria      Tloc           21%        N/A       14%         4
 Cigotuvi's Dreadful Rot  Necr/Alch/Air  6%         N/A       41%         2
 Iskenderun's Mystic Bla  Conj/Tloc      12%        2d5       50%         4
 Silence                  Hex/Air        6%         N/A       85%         5
 Animate Armour           Summ/Erth      6%         N/A       95%         4
 Dispel Undead            Necr           3%         3d7       95%         4
 Martyr's Knell           Necr/Summ      3%         N/A       95%         4
 Sticky Flame             Fire/Alch      3%         2d4       95%         4
 Summon Lightning Spire   Summ/Air       3%         N/A       95%         4
 Irradiate                Conj/Alch      1%         3d12      100%        5
 Lee's Rapid Deconstruct  Erth           1%         3d4*      100%        5
 Death Channel            Necr           1%         N/A       100%        6
 Lehudib's Crystal Spear  Conj/Erth      1%         10d2      100%        8


Dungeon Overview and Level Annotations

Branches:
Dungeon (13/15)            Temple (1/1) D:6            Lair (0/5) D:11
    Orc (0/2) D:9         Gauntlet (1/1)
 Vaults: D:13-14

Altars:
Ashenzari
Cheibriados
Dithmenos
Elyvilon
Fedhas
Gozag
Hepliaklqana
Kikubaaqudgha
Makhleb
Nemelex Xobeh
Okawaru
Qazlal
Ru
Sif Muna
Trog
Uskayaw
Vehumet
Wu Jian
Xom
Yredelemnul
Zin
The Shining One

Shops:
D:6 (

Annotations:
D:7 3 runed translucent doors, lucidstorm14's ghost, novice MiFi
D:11 1 runed translucent door
D:12 3 runed translucent doors, Azoth's ghost, journeyman FoFi Gauntlet 7 transporters, 1 runed translucent door


Innate Abilities, Weirdness & Mutations

You are a hulking beast.
Your limbs bulge with bestial killing power. (Slay +4)
Your life essence is reduced to manifest your ancestor. (-10% HP)
You are small and have problems with some larger weapons.
You are completely attuned to the shadows.
You have very sharp teeth.
Your muscles are strong. (Str +4, Int/Dex -1)
Your spells are a little harder to cast, but a little more powerful.


Message History

Yadidatum is engulfed in flames!
Yadidatum resists.
Yadidatum is destroyed!
Your ynoxinul hits the hell hound.
Your glass eye gazes at the hell hound.
The hell hound becomes as fragile as glass!
The balrug shouts!
Unknown command.
You swap places.
The hell hound bites your ynoxinul.
Unknown command.
Your balrug shimmers and vanishes!
The hell hound barely misses your ynoxinul.
Unknown command.
The hell hound bites your ynoxinul.
Unknown command.
The hell hound stops to sniff the ground.
The hell hound misses your ynoxinul.
Unknown command.
The hell hound bites your ynoxinul.
The hell hound closely misses your ynoxinul.
You swap places.
The hell hound closely misses your ynoxinul.
Fire: a) +2 shortbow (heavy)
Press: ? - help, Shift-Dir - straight line, f/p - balrug
Aim: a balrug, wielding a +2 demon whip of venom (heavily wounded, 75% to hit)
You shoot an arrow. The arrow closely misses the balrug.
Unknown command.
Aiming: Bolt of Light
Press: ? - help, Shift-Dir - straight line, f/p - balrug
Aim: a balrug, wielding a +2 demon whip of venom (heavily wounded, 67% to hit)
The bolt of light hits the balrug!
The balrug is severely wounded.
The balrug is blinded.
The now-empty wand crumbles to dust.
The balrug barely misses you.
You shoot an arrow. The arrow hits the balrug!
The balrug is almost dead.
The balrug hits you with a +2 demon whip of venom!!
* * * LOW HITPOINT WARNING * * *
You are engulfed in flames!
You resist.
You die...

#≈≈≈#≈≈≈#..∩.8.∩..#≈≈≈#≈≈≈
#≈.....................≈#
##.#########.#########.##
##≈.#[##©##.#.##=YYYY##.≈#
#≈≈.#}.#..#?#.##^.###w#.≈≈
##≈.###.##.##.#.##..#w#.≈#
##.#.#hh#..###.#. #.##.##
##≈.##5##2###.##.##Y.##.≈#
#≈≈.##Y3#h.##.##.#.##.#.≈≈
##≈.#G##Y##.#.#.#.#..##.≈#
##.#########.#########.##
##≈....#©.........©#....≈#
#≈≈..8.#.8.8.8.8.8.#.8..≈≈
##≈....#©.........©#....≈#
##.###################.##
##≈.#.!.©:..#.#...#.#©#.≈#
#≈≈.#.## ##.#.#.#.#..##.≈≈


You could see a balrug (wandering, blind, unable to see you, ally target), 2
hell hounds, a friendly glass eye (summoned), 2 friendly yaks, a friendly
ynoxinul (summoned) and a friendly iron imp (summoned).

Vanquished Creatures
  2 centaur warriors
  2 two-headed ogres
  Erica (D:8)
  An occultist (D:12)
  Pikel (D:8)
  An ugly thing (D:11)
  2 cyclopes
  Joseph (D:6)
  A gargoyle (D:11)
  Maggie (D:8)
  An unseen horror (D:13)
  A komodo dragon (D:11)
  Jeremiah (D:7)
  2 trolls
  A raiju (Gauntlet)
  2 slime creatures (D:12)
  7 yaks (D:10)
  A wyvern (D:11)
  A wraith (D:11)
  A steam dragon (Gauntlet)
  6 vampire mosquitoes
  3 acid dragons
  2 swamp worms (Gauntlet)
  6 water moccasins
  6 orc warriors
  2 sky beasts
  4 black bears
  An ogre (D:6)
  4 centaurs (D:6)
  2 phantoms (D:5)
  2 lemures (D:8)
  3 kobold brigands
  3 bullfrogs
  3 scorpions (D:6)
  2 gnoll sergeants
  7 wights
  4 killer bees (D:8)
  3 howler monkeys
  A bombardier beetle (D:4)
  8 hounds
  2 jellies
  8 orc priests
  A gnoll bouda (D:6)
  2 iguanas
  2 sleepcaps (D:6)
  Jessica (D:2)
  Terence (D:2)
  11 orc wizards
  15 gnolls
  5 adders
  A white imp (D:5)
  6 ufetubi
  A dart slug (D:5)
  3 ribbon worms (D:2)
  37 orcs
  7 ball pythons
  6 endoplasms
  5 giant cockroaches
  6 goblins
  15 hobgoblins
  12 kobolds
  4 quokkas
  7 bats
  4 frilled lizards
  2 rats (D:3)
267 creatures vanquished.

Vanquished Creatures (collateral kills)
  A deep elf pyromancer (D:11)
  A troll (D:12)
  A slime creature (D:12)
  6 yaks
  A wraith (D:13)
  A steam dragon (Gauntlet)
  A swamp worm (Gauntlet)
  A sky beast (D:8)
  A bullfrog (D:11)
  2 orc priests
  A gnoll (D:9)
17 creatures vanquished.

Vanquished Creatures (others)
  A human (D:7)
  An ancestor (D:9)
  3 knights
5 creatures vanquished.

Grand Total: 289 creatures vanquished

Notes
Turn   | Place    | Note
-------+----------+-------------------------------------------
     0 | D:1      | Newt the Kobold Hunter began the quest for the Orb.
     0 | D:1      | Reached XP level 1. HP: 12/12 MP: 1/1
   154 | D:1      | Reached XP level 2. HP: 18/18 MP: 2/2
   510 | D:1      | Reached XP level 3. HP: 23/23 MP: 3/3
   888 | D:2      | Noticed Terence
   894 | D:2      | Killed Terence
   895 | D:2      | Reached XP level 4. HP: 14/30 MP: 4/4
   997 | D:2      | Noticed Jessica
  1000 | D:2      | Killed Jessica
  1001 | D:2      | Reached skill level 5 in Fighting
  1116 | D:2      | Reached XP level 5. HP: 34/35 MP: 5/5
  1998 | D:3      | Reached skill level 6 in Ranged Weapons
  2415 | D:3      | Found an ornate altar of the Wu Jian Council.
  2452 | D:3      | Found a bloodstained altar of Trog.
  2464 | D:3      | Reached skill level 7 in Ranged Weapons
  2467 | D:3      | Reached XP level 6. HP: 36/40 MP: 6/6
  2482 | D:3      | Found a blossoming altar of Fedhas.
  2506 | D:3      | Found a shadowy altar of Dithmenos.
  3006 | D:4      | Noticed a black bear
  3013 | D:4      | Killed a black bear
  3014 | D:4      | Reached skill level 8 in Ranged Weapons
  3342 | D:4      | Reached XP level 7. HP: 44/44 MP: 7/7
  3976 | D:5      | Entered Level 5 of the Dungeon
  3988 | D:5      | Reached skill level 9 in Ranged Weapons
  4120 | D:5      | Reached skill level 10 in Ranged Weapons
  4387 | D:5      | Reached XP level 8. HP: 49/49 MP: 8/8
  4644 | D:6      | Reached skill level 5 in Dodging
  4644 | D:6      | Reached skill level 1 in Evocations
  4691 | D:6      | Found a staircase to the Ecumenical Temple.
  4702 | Temple   | Entered the Ecumenical Temple
  4707 | Temple   | Became a worshipper of Hepliaklqana the Forgotten
  4973 | D:6      | Reached skill level 5 in Evocations
  5140 | D:6      | Reached skill level 1 in Shapeshifting
  5147 | D:6      | Found an iron altar of Okawaru.
  5260 | D:6      | Found Ebenyurph's Antique Weapon Emporium.
  5322 | D:6      | Reached XP level 9. HP: 51/54 MP: 9/9
  5549 | D:6      | Reached skill level 5 in Shapeshifting
  5940 | D:7      | Gained mutation: You occasionally lose the ability to read
                  | scrolls when taking damage. [potion of mutation]
  5940 | D:7      | Gained mutation: You have very sharp teeth. [potion of
                  | mutation]
  5940 | D:7      | Gained mutation: Your body sometimes deteriorates upon
                  | taking damage. [potion of mutation]
  5940 | D:7      | Gained mutation: You are partially covered in iridescent
                  | scales. (AC +2) [potion of mutation]
  5941 | D:7      | Lost mutation: You have very sharp teeth. [potion of
                  | mutation]
  5941 | D:7      | Lost mutation: Your body sometimes deteriorates upon taking
                  | damage. [potion of mutation]
  5941 | D:7      | Lost mutation: You are partially covered in iridescent
                  | scales. (AC +2) [potion of mutation]
  5941 | D:7      | Lost mutation: You occasionally lose the ability to read
                  | scrolls when taking damage. [potion of mutation]
  5941 | D:7      | Gained mutation: Your spells are a little harder to cast,
                  | but a little more powerful. [potion of mutation]
  5941 | D:7      | Gained mutation: You have hidden genetic potential. [potion
                  | of mutation]
  6000 | D:7      | Found a runed translucent gate.
  6000 | D:7      | Found a runed translucent gate.
  6004 | D:7      | Found a runed translucent gate.
  6012 | D:7      | Noticed lucidstorm14's ghost (novice MiFi)
  6061 | D:7      | Noticed Joseph
  6066 | D:7      | Noticed Jeremiah
  6092 | D:6      | Killed Joseph
  6093 | D:6      | Reached XP level 10. HP: 50/63 MP: 10/10
  6369 | D:7      | Killed Jeremiah
  6458 | D:7      | Found an ancient bone altar of Kikubaaqudgha.
  6548 | D:7      | Reached * piety under Hepliaklqana
  6766 | D:8      | Noticed Maggie
  6775 | D:8      | Killed Maggie
  6890 | D:8      | Gained mutation: Your muscles are strong. (Str +4, Int/Dex
                  | -1) [hidden potential]
  6974 | D:8      | Noticed Erica
  6988 | D:8      | Killed Erica
  6989 | D:8      | Reached skill level 11 in Ranged Weapons
  7044 | D:8      | Reached skill level 12 in Ranged Weapons
  7067 | D:8      | Noticed Pikel
  7078 | D:8      | Killed Pikel
  7208 | D:8      | Found a stormy altar of Qazlal.
  7395 | D:9      | Noticed a two-headed ogre
  7402 | D:9      | Killed a two-headed ogre
  7403 | D:9      | Reached skill level 13 in Ranged Weapons
  7403 | D:9      | Reached XP level 11. HP: 50/63 MP: 11/11
  7607 | D:9      | Reached skill level 14 in Ranged Weapons
  7636 | D:9      | Reached ** piety under Hepliaklqana
  7637 | D:9      | Remembered your ancestor Yadidatum as a knight
  7840 | D:9      | Found a staircase to the Orcish Mines.
  8047 | D:10     | Entered Level 10 of the Dungeon
  8048 | D:10     | Identified a scroll of acquirement
  8048 | D:10     | Acquired the amulet "Retz" {Faith Slay+3}
  8073 | D:10     | Reached skill level 1 in Spellcasting
  8073 | D:10     | Reached skill level 1 in Hexes
  8073 | D:10     | Reached skill level 1 in Translocations
  8079 | D:10     | Gained mutation: You have very sharp teeth. [hidden
                  | potential]
  8079 | D:10     | Lost mutation: You have hidden genetic potential. [hidden
                  | potential expressed]
  8694 | D:10     | Got Wabov's Catalogue of Reshaped Locality
  8948 | D:11     | Reached *** piety under Hepliaklqana
  9054 | D:11     | Noticed a centaur warrior
  9060 | D:11     | Killed a centaur warrior
  9085 | D:11     | Noticed a two-headed ogre
  9091 | D:11     | Killed a two-headed ogre
  9104 | D:11     | Learned a level 4 spell: Dimensional Bullseye
  9138 | D:11     | Noticed a white ugly thing
  9148 | D:11     | Killed a white ugly thing
  9149 | D:11     | Reached XP level 12. HP: 27/68 MP: 17/19
  9450 | D:11     | Reached skill level 5 in Spellcasting
  9513 | D:11     | Found a runed translucent door.
  9513 | D:11     | Noticed a sixfirhy
  9610 | D:11     | Reached skill level 5 in Hexes
  9623 | D:11     | Reached skill level 5 in Translocations
 10199 | D:11     | Found a staircase to the Lair.
 10383 | D:12     | Found a runed translucent gate.
 10384 | D:12     | Found a runed translucent gate.
 10385 | D:12     | Found a runed translucent gate.
 10392 | D:12     | Noticed Azoth's ghost (journeyman FoFi)
 10399 | D:12     | Noticed a minotaur
 10435 | D:12     | Noticed a boulder beetle
 10581 | D:12     | Noticed an occultist
 10586 | D:12     | Killed an occultist
 11173 | D:13     | Reached **** piety under Hepliaklqana
 11419 | D:13     | Noticed a centaur warrior
 11430 | D:13     | Killed a centaur warrior
 11635 | D:13     | Found a gate leading to a gauntlet.
 11641 | Gauntlet | Entered a Gauntlet
 11641 | Gauntlet | Found a transporter.
 11642 | Gauntlet | Found a runed translucent door.
 11650 | Gauntlet | Found a runed translucent door.
 11664 | Gauntlet | Found a transporter.
 11682 | Gauntlet | Found a transporter.
 11683 | Gauntlet | Noticed a death yak
 11683 | Gauntlet | Noticed a death yak
 11684 | Gauntlet | Noticed a death yak
 11693 | Gauntlet | Found a transporter.
 11702 | Gauntlet | Noticed a balrug
 11712 | Gauntlet | Noticed a soul eater
 11736 | Gauntlet | Found a transporter.
 11868 | Gauntlet | Found a transporter.
 11893 | Gauntlet | Found a transporter.
 11900 | Gauntlet | Found a transporter.
 11900 | Gauntlet | Found a transporter.
 12080 | Gauntlet | Found a transporter.
 12087 | Gauntlet | Found a transporter.
 12087 | Gauntlet | Found a transporter.
 12113 | Gauntlet | Slain by a balrug

Illustrated notes

Levels and vault maps discovered:
D:1:      dpeg_arrival_pond, layout_basic, ebering_dispersal_statue_hall
D:2:      layout_basic, uniq_jessica, uniq_terence
D:3:      kennysheep_six_static_rooms, layout_rooms,
          nicolae_overflow_quartered_altars
D:4:      layout_loops_corners
D:5:      layout_rooms, minmay_stone_trees_small
D:6:      kennysheep_housing_project, layout_loops_ring, lemuel_doored_altar,
          temple_green, serial_shops, nicolae_shop_tiny_glass
D:7:      layout_basic, tgw_kikubaaqudgha, gammafunk_ghost_split, uniq_jeremiah,
          uniq_joseph
D:8:      layout_gridville, nicolae_qazlal_style_of_elements, uniq_pikel,
          uniq_erica, uniq_maggie
D:9:      layout_roguey, orc_0_dummy
D:10:     layout_irregular_city, nicolae_nh_ransacked_shop
D:11:     cheibrodos_shockbox, layout_loops_ring, due_lair_maze_entry_diamond
D:12:     layout_loops_cross, maelrawn_ghost_gauntlet_escape
D:13:     layout_irregular_city, gauntlet_entry_generic
Temple:   minmay_freezing_vapour_temple
Gauntlet: minmay_gauntlet_77_indecision [minmay_gauntlet_arena_77_cramped,
          minmay_gauntlet_arena_77_squiggly,
          minmay_gauntlet_arena_77_radiant_squares,
          minmay_gauntlet_arena_77_two_paths, minmay_gauntlet_arena_77_mess,
          minmay_gauntlet_arena_77_tiled_triplets,
          dreamdust_gauntlet_exit_labyrinth]

Skill      XL: |  1  2  3  4  5  6  7  8  9 10 11 12 |
---------------+-------------------------------------+-----
Fighting       | 3 4 5 7 9 |  9.0
Ranged Weapons | 7 8 10 13 14 | 14.0
Dodging        | 4 5 |  5.0
Evocations     | 5 |  5.1
Shapeshifting  | 3 7 |  7.0
Stealth        | 2 |  2.3
Spellcasting   | 4 6 |  6.0
Hexes          | 4 7 |  7.6
Translocations | 4 7 |  7.6

Action                     |  1- 3 |  4- 6 |  7- 9 | 10-12 || total
---------------------------+-------+-------+-------+-------++-------
   Fire: Shortbow          |    62 |   138 |   281 |   434 ||   915
 Invoke: Recall Ancestor   |       |       |       |     4 ||     4
         Ancestor Life: Kn |       |       |       |     1 ||     1
  Evoke: Wand              |       |       |       |     2 ||     2
         Phantom mirror    |       |       |       |     1 ||     1
    Use: Scroll            |     2 |    11 |     9 |     7 ||    29
         Potion            |     1 |       |     4 |     8 ||    13
 Armour: Leather armour    |    11 |    34 |       |       ||    45
         Robe              |       |     8 |    66 |    69 ||   143
  Dodge: Dodged            |    13 |    52 |   148 |   128 ||   341
   Form: Beast             |       |       |     1 |       ||     1

Table legend: (Time is in decaauts)
 A = Elapsed time spent in this place.
 B = Non-inter-level travel time spent in this place.
 C = Inter-level travel time spent in this place.
 D = Time resting spent in this place.
 E = Time spent auto-exploring this place.
 F = Levels seen in this place.
 G = Mean time per level.
                   A        B        C        D        E       F      G
               +--------+--------+--------+--------+--------+-----+--------+
         Total |  12002 |  11573 |    429 |   1421 |   8185 |  15 |  800.1 |
       Dungeon |  11504 |  11075 |    429 |   1270 |   7970 |  13 |  884.9 |
        Temple |     35 |     35 |      0 |     24 |      0 |   1 |   35.0 |
      Gauntlet |    462 |    462 |      0 |    127 |    215 |   1 |  462.0 |
               +--------+--------+--------+--------+--------+-----+--------+

Top non-repeatable levels by time:
     D:6: 1576 daAuts
     D:4: 1200 daAuts
    D:10: 1152 daAuts
     D:2: 1061 daAuts
    D:11: 1054 daAuts
     D:1: 887 daAuts
     D:3: 853 daAuts
    D:12: 821 daAuts
     D:8: 655 daAuts
     D:9: 646 daAuts
     D:7: 582 daAuts
     D:5: 522 daAuts
    D:13: 491 daAuts
Gauntlet: 462 daAuts
  Temple: 35 daAuts
